 Dungeon Sprint DCSS version 0.31-a0-841-g038b102fc3 (webtiles) character file.

Game seed: 13279267394067643906

3569 sircluck the Grappler (level 9, -6/106 HPs)
             Began as a Troll Berserker on Sept 27, 2023.
             Was the Champion of Trog.
             Mangled by a boulder beetle (37 damage)
             ... in the Dungeon (Sprint VII: "The Pits").
             The game lasted 00:01:51 (661 turns).

sircluck the Grappler (Troll Berserker)              Turns: 661, Time: 00:01:51

Health: -6/106     AC:  7    Str: 34    XL:     9   Next: 84%
Magic:  8/8        EV: 13    Int:  3    God:    Trog [******]
Gold:   0          SH:  0    Dex:  9    Spells: 8/8 levels left

rFire   . .          .
                       - Unarmed
rCold   . . .        (no shield)
rNeg    . . .        a - +0 animal skin
rPois   .            (helmet restricted)
rElec   .            (no cloak)
rCorr   .            (gloves unavailable)
SInv    .            (boots unavailable)
Will    .....        (no amulet)
Stlth   +            k - +3 ring of strength
HPRegen 1.17/turn    l - +3 ring of protection
MPRegen 0.11/turn

%: no teleportation
@: lethally poisoned (-6 -> -6), weakened
A: large, unfitting armour, claws 3, regeneration 1, shaggy fur 1, tough skin 1
a: Renounce Religion, Berserk, Trog's Hand, Brothers in Arms


You were in the Dungeon.
You worshipped Trog.
Trog was exalted by your worship.
You visited 1 branch

Inventory:

Armour
 a - a +0 animal skin (worn)
Jewellery
 k - a +3 ring of strength (left claw)
 l - a +3 ring of protection (right claw)
Scrolls
 i - 2 scrolls of vulnerability
 j - a scroll of butterflies
Potions
 b - 8 potions of curing
 c - 8 potions of heal wounds
 d - 4 potions of haste
 e - 4 potions of magic
 f - 3 potions of berserk rage
 h - 2 potions of invisibility
 m - a potion of mutation


   Skills:
 + Level 11.7 Fighting
 + Level 11.5 Dodging
 + Level 13.6 Unarmed Combat


You had 8 spell levels left.
You didn't know any spells.
Your spell library was empty.

Dungeon Overview and Level Annotations

Branches:
Dungeon (1/1)

Altars:
Ashenzari
Cheibriados
Dithmenos
Elyvilon
Fedhas
Gozag
Hepliaklqana
Kikubaaqudgha
Makhleb
Nemelex Xobeh
Okawaru
Qazlal
Ru
Sif Muna
Trog
Uskayaw
Vehumet
Wu Jian
Xom
Yredelemnul
Zin
The Shining One
Jiyva
Lugonu


Innate Abilities, Weirdness & Mutations

You are too large for most types of armour.
You have claws for hands.
Your natural rate of healing is unusually fast.
You are covered in fur. (AC +1)
You have tough skin. (AC +1)


Message History

You closely miss the orange demon.
The orange demon is heavily wounded.
The boulder beetle misses you.
The boulder beetle stops rolling and uncurls.
The gnoll hits you from afar with a +0 spear.
The deep elf zephyrmancer hits you but does no damage.
The orange demon stings you! The orange demon hits you.
You claw the orange demon!
The orange demon is severely wounded.
The boulder beetle misses you. The ogre completely misses you.
The guardian mummy hits you!!
You scratch the orange demon.
The orange demon is almost dead.
The deep elf zephyrmancer closely misses you.
The orange demon closely misses you. The orange demon barely misses you.
The boulder beetle barely misses you.
You scratch the orange demon. Your claw misses the orange demon.
The orange demon is almost dead.
The guardian mummy closely misses you. The ogre misses you.
The deep elf zephyrmancer hits you with a +0 short sword.
The boulder beetle stops rolling and uncurls.
The orange demon stings you!
You are poisoned.
The orange demon poisons you! The orange demon barely misses you.
Unknown command.
Blink to where?
Press: ? - help, Q - select action, (/) - cycle Dir - move target
As you read the scroll of blinking, it crumbles to dust.
You feel very sick.
You feel very sick.
The boulder beetle curls into a ball and begins rolling!
There is a huge open gate to the Metal Vault (Medium) here.
You feel very sick.
You feel very sick.
You feel sick.
You feel sick.
You feel sick.
You feel sick.
You feel sick. The boulder beetle hits you!!!
You die...

############ #_________.#
#_________.#
#_______...###########++######
##########'##................# .
#.?(.')))'.##......#..#......##.
##########.##................''.
#..)))......'................''.
#'#####'#####..@B..#..#......##.
#.#..#..#).##....○°°...).....#
#.#..'..'†.#####'#####')######
#)##'####)###.......##○'#######
#)#.......÷##.......##......'..+
#.#........##.......##......'..+
#.#####'#####...<...##.....##..#
#.#..[)))..##.......##B..###....
#.#..[)))..##.......##.°##B.°...


You could see a boulder beetle (rolling).

Vanquished Creatures
  An orc high priest (D)
  An orc knight (D)
  An orc sorcerer (D)
  An elephant (D)
  A rime drake (D)
  A flying skull (D)
  A wyvern (D)
  Eustachio (D)
  A warg (D)
  Duvessa (D)
  A floating eye (D)
  3 orc warriors (D)
  A swamp drake (D)
  A black bear (D)
  A sky beast (D)
  A centaur (D)
  Dowan (D)
  2 jellies (D)
  An orc priest (D)
  A gnoll (D)
  A river rat (D)
  2 ufetubi (D)
  A worm (D)
  3 orcs (D)
  A bat zombie (D)
  An endoplasm (D)
  A hobgoblin (D)
  4 jackals (D)
  A kobold (D)
  A quokka (D)
  2 frilled lizards (D)
  A giant cockroach zombie (D)
  A rat (D)
43 creatures vanquished.

Notes
Turn   | Place    | Note
-------+----------+-------------------------------------------
     0 | D        | sircluck the Troll Berserker began the quest for the Orb.
     0 | D        | Reached XP level 1. HP: 22/22 MP: 0/0
    11 | D        | Noticed an elephant
    11 | D        | Noticed a sky beast
   118 | D        | Killed a sky beast
   119 | D        | Reached skill level 5 in Unarmed Combat
   119 | D        | Reached XP level 2. HP: 33/33 MP: 1/1
   119 | D        | Reached XP level 3. HP: 40/40 MP: 2/2
   119 | D        | Reached XP level 4. HP: 49/49 MP: 3/3
   123 | D        | Killed an elephant
   124 | D        | Reached skill level 8 in Unarmed Combat
   124 | D        | Reached XP level 5. HP: 59/62 MP: 4/4
   124 | D        | Reached XP level 6. HP: 67/71 MP: 5/5
   183 | D        | Noticed an orc warrior
   184 | D        | Noticed an orc warrior
   184 | D        | Noticed an orc knight
   184 | D        | Noticed a rime drake
   203 | D        | Reached ** piety under Trog
   219 | D        | Killed an orc warrior
   220 | D        | Reached skill level 9 in Unarmed Combat
   220 | D        | Reached XP level 7. HP: 46/79 MP: 6/6
   224 | D        | Killed an orc knight
   225 | D        | Reached skill level 10 in Unarmed Combat
   228 | D        | Reached *** piety under Trog
   229 | D        | Reached XP level 8. HP: 45/92 MP: 7/7
   240 | D        | Found a bloodstained altar of Trog.
   240 | D        | Found a shimmering blue altar of Sif Muna.
   240 | D        | Found a viscous altar of Jiyva.
   240 | D        | Found a hazy altar of Hepliaklqana.
   240 | D        | Found an opulent altar of Gozag.
   241 | D        | Found a glowing golden altar of the Shining One.
   241 | D        | Found a glowing silver altar of Zin.
   241 | D        | Found a basalt altar of Yredelemnul.
   241 | D        | Found a shimmering altar of Xom.
   241 | D        | Found an ornate altar of the Wu Jian Council.
   241 | D        | Found a sacrificial altar of Ru.
   241 | D        | Found a stormy altar of Qazlal.
   241 | D        | Found an iron altar of Okawaru.
   241 | D        | Found a sparkling altar of Nemelex Xobeh.
   241 | D        | Found a burning altar of Makhleb.
   241 | D        | Found a blossoming altar of Fedhas.
   241 | D        | Found a white marble altar of Elyvilon.
   241 | D        | Found a shadowy altar of Dithmenos.
   241 | D        | Found a snail-covered altar of Cheibriados.
   244 | D        | Found a corrupted altar of Lugonu.
   244 | D        | Found a radiant altar of Vehumet.
   245 | D        | Found an ancient bone altar of Kikubaaqudgha.
   245 | D        | Found a hide-covered altar of Uskayaw.
   245 | D        | Found a broken altar of Ashenzari.
   315 | D        | Reached **** piety under Trog
   324 | D        | Paralysed by a floating eye for 4 turns
   328 | D        | Noticed a flying skull
   333 | D        | Killed a flying skull
   333 | D        | Reached ***** piety under Trog
   333 | D        | Paralysed by a floating eye for 3 turns
   334 | D        | Reached skill level 11 in Unarmed Combat
   339 | D        | Identified the +6 triple sword "Qasol" {flame, +Blink rElec
                  | rF+ Stlth-} (Trog gifted it to you in the Dungeon)
   339 | D        | Received a gift from Trog
   397 | D        | Noticed Dowan
   397 | D        | Noticed Duvessa
   408 | D        | Killed Dowan
   415 | D        | Killed Duvessa
   431 | D        | Received a gift from Trog
   494 | D        | Reached skill level 10 in Fighting
   494 | D        | Reached skill level 10 in Dodging
   501 | D        | Received a gift from Trog
   502 | D        | Reached skill level 12 in Unarmed Combat
   512 | D        | Noticed an orc high priest
   512 | D        | Noticed an orc sorcerer
   522 | D        | Reached XP level 9. HP: 78/102 MP: 8/8
   524 | D        | Killed an orc sorcerer
   528 | D        | Reached ****** piety under Trog
   528 | D        | Received a gift from Trog
   536 | D        | Noticed a soul eater
   541 | D        | Killed an orc high priest
   542 | D        | Reached skill level 13 in Unarmed Combat
   617 | D        | Killed a rime drake
   627 | D        | Noticed Eustachio
   636 | D        | Killed Eustachio
   636 | D        | Identified the +6 glaive of Locus Delicti {heavy, rF++
                  | Str+3} (Trog gifted it to you in the Dungeon)
   636 | D        | Received a gift from Trog
   641 | D        | Noticed a deep elf zephyrmancer
   643 | D        | Noticed an orange demon
   643 | D        | Noticed a boulder beetle
   645 | D        | Noticed a guardian mummy
   645 | D        | Noticed a boulder beetle
   646 | D        | Noticed a merfolk
   661 | D        | Mangled by a boulder beetle

Illustrated notes

Levels and vault maps discovered:
D:        pitsprint [storerooms_1, entrance_room_1, metal_vault_4, armoury_2,
          mini_pit_1, grid_room_1, main_hall_1, silver_pit, the_coven_3,
          the_vestibule_1, steel_vault_3, golden_pit, hallway_of_sentries,
          crystal_vault_5, iron_vault_3, final_vault]

Skill      XL: |  1  2  3  4  5  6  7  8  9 |
---------------+----------------------------+-----
Fighting       | 4 7 9 10 11 | 11.7
Dodging        | 4 7 9 10 11 | 11.5
Unarmed Combat | 5 8 9 10 12 13 | 13.6

Action                     |  1- 3 |  4- 6 |  7- 9 || total
---------------------------+-------+-------+-------++-------
  Melee: Unarmed           |     2 |    10 |   108 ||   120
         Punch             |     1 |       |     9 ||    10
 Invoke: Berserk           |     1 |       |     1 ||     2
    Use: Scroll            |       |       |     1 ||     1
 Armour: Animal skin       |     1 |     6 |    82 ||    89
  Dodge: Dodged            |       |     2 |    52 ||    54

Table legend: (Time is in decaauts)
 A = Elapsed time spent in this place.
 B = Non-inter-level travel time spent in this place.
 C = Inter-level travel time spent in this place.
 D = Time resting spent in this place.
 E = Time spent auto-exploring this place.
 F = Levels seen in this place.
 G = Mean time per level.
                   A        B        C        D        E       F      G
               +--------+--------+--------+--------+--------+-----+--------+
         Total |    654 |    623 |     31 |    186 |    101 |   1 |  654.0 |
       Dungeon |    654 |    623 |     31 |    186 |    101 |   1 |  654.0 |
               +--------+--------+--------+--------+--------+-----+--------+

Top non-repeatable levels by time:
       D: 654 daAuts
